AoeStats
← omermelik_92

Black Forest

510163018Analyzed
2v2 RM · 3d ago on Sep 29, 2026· 175m 53s· 4 players
Game mode
Random Map
Map size
Medium (4 player)
Population
200
Speed
Normal
Resources
Standard
Victory
Conquest
Starting age
Dark Age
Ending age
Imperial Age
RankedLock teamsTeams togetherTeam positionsShared explorationLock speedFull tech treeHidden civsTurbo modeCheats
Victory
Defeat
🇨🇿 Bohemians · Czechia
486
+15
🇨🇿 Britons · Czechia
481
+16
🇹🇷 Burgundians · Türkiye
489
-16
🇹🇷 Turks · Türkiye
453
-15
omermelik_92
0:27 Loom
11:12 Feudal Age
12:05 Double-Bit Axe
12:58 Wheelbarrow
12:42 Gold Mining
13:25 Stone Mining
14:25 Horse Collar
24:11 Castle Age
22:59 Padded Archer Armor
23:05 Scale Barding Armor
23:11 Forging
23:57 Bloodlines
26:23 Hand Cart
27:09 Coinage
26:39 Caravan
27:04 Bow Saw
26:59 Heavy Plow
28:06 Gold Shaft Mining
38:03 Imperial Age
35:56 Town Watch
39:47 Two-Man Saw
39:26 Banking
39:06 Guilds
39:58 Hoardings
40:15 Town Patrol
41:24 Husbandry
42:23 Ballistics
42:15 Fortified Wall
41:51 Arrowslits
42:18 Masonry
42:32 Bombard Tower
42:53 Elite Janissary
43:35 Artillery
45:23 Leather Archer Armor
45:28 Chain Barding Armor
45:44 Iron Casting
45:43 Architecture
45:50 Conscription
52:52 Ring Archer Armor
52:58 Plate Barding Armor
53:24 Blast Furnace
52:25 Scale Mail Armor
52:16 Fletching
52:11 Treadmill Crane
52:27 Murder Holes
52:24 Guard Tower
52:50 Squires
52:36 Arson
52:12 Man-at-Arms
53:30 Sappers
64:03 Long Swordsman
65:10 Sipahi
64:14 Crossbowman
65:00 Thumb Ring
65:21 Parthian Tactics
64:17 Heavy Cavalry Archer
64:27 Heavy Scorpion
64:28 Capped Ram
65:46 Keep
65:05 Heated Shot
66:45 Siege Ram
66:53 Two-Handed Swordsman
66:58 Heavy Camel Rider
66:59 Cavalier
68:33 Theocracy
68:31 Heresy
68:32 Sanctity
68:12 Devotion
68:13 Atonement
68:24 Fervor
68:25 Redemption
69:25 Champion
70:21 Siphons
70:36 Shipwright
70:27 Clinker Construction
70:27 Careening
70:48 Faith
Yangabozz
10:54 Feudal Age
9:37 Double-Bit Axe
10:03 Horse Collar
11:52 Wheelbarrow
17:36 Bow Saw
17:49 Heavy Plow
19:53 Hand Cart
24:22 Castle Age
24:15 Caravan
24:16 Town Watch
32:20 Stone Mining
32:20 Gold Mining
35:08 Two-Man Saw
39:00 Imperial Age
36:51 Scale Barding Armor
36:47 Scale Mail Armor
38:16 Crop Rotation
40:26 Gold Shaft Mining
40:27 Stone Shaft Mining
39:46 Loom
40:04 Town Patrol
40:29 Ballistics
40:51 Chain Barding Armor
40:31 Scale Mail Armor
40:21 Arson
40:48 Husbandry
41:23 Squires
40:44 Pikeman
40:52 Cavalier
40:56 Light Cavalry
41:00 Elite Skirmisher
43:32 Burgundian Vineyards
44:36 Chemistry
43:17 Treadmill Crane
43:48 Masonry
43:35 Murder Holes
43:55 Fortified Wall
44:16 Hussar
44:48 Halberdier
47:42 Plate Barding Armor
47:07 Scale Mail Armor
48:48 Architecture
49:14 Crossbowman
50:07 Padded Archer Armor
49:57 Fletching
50:08 Scale Mail Armor
50:33 Forging
53:04 Leather Archer Armor
52:44 Bodkin Arrow
53:50 Elite Coustillier
55:12 Hoardings
54:39 Sappers
54:57 Sappers
55:48 Conscription
55:43 Bracer
56:14 Chain Mail Armor
56:31 Capped Ram
57:30 Arrowslits
58:48 Plate Mail Armor
58:53 Iron Casting
62:12 Blast Furnace
62:32 Devotion
62:57 Block Printing
62:46 Herbal Medicine
63:06 Redemption
103:37 Guilds
144:18 Cavalier
DannyW
1:05 Loom
14:36 Feudal Age
15:36 Double-Bit Axe
15:34 Horse Collar
16:33 Wheelbarrow
34:56 Castle Age
37:56 Hand Cart
37:45 Heavy Plow
37:57 Bow Saw
38:15 Caravan
44:59 Wagenburg Tactics
44:43 Arson
44:59 Squires
44:19 Pikeman
44:21 Man-at-Arms
48:34 Imperial Age
51:04 Halberdier
51:04 Long Swordsman
52:32 Two-Handed Swordsman
53:54 Crossbowman
53:57 Elite Skirmisher
58:21 Two-Man Saw
58:49 Conscription
57:51 Elite Hussite Wagon
58:04 Champion
59:06 Fortified Wall
58:53 Murder Holes
59:59 Chemistry
60:22 Ballistics
59:55 Guard Tower
59:52 Arrowslits
60:19 Masonry
62:48 Bombard Tower
62:31 Fletching
62:41 Padded Archer Armor
62:52 Forging
62:43 Scale Mail Armor
62:48 Scale Barding Armor
62:18 Houfnice
69:23 Keep
69:22 Architecture
68:58 Siege Engineers
68:20 Arbalester
72:35 Onager
78:59 Heavy Scorpion
86:41 Bodkin Arrow
87:01 Leather Archer Armor
87:22 Iron Casting
87:02 Chain Mail Armor
91:47 Bracer
92:02 Leather Archer Armor
95:53 Chain Mail Armor
96:12 Guilds
97:14 Blast Furnace
99:54 Plate Mail Armor
100:03 Ring Archer Armor
132:18 Chain Barding Armor
132:11 Siphons
153:47 Town Watch
159:28 Town Patrol
Jeník
0:27 Loom
17:36 Feudal Age
19:23 Wheelbarrow
18:31 Horse Collar
18:40 Double-Bit Axe
18:48 Gold Mining
18:49 Stone Mining
27:21 Castle Age
28:23 Hand Cart
28:11 Heavy Plow
28:29 Bow Saw
29:00 Gold Shaft Mining
31:07 Treadmill Crane
31:40 Fortified Wall
31:59 Masonry
35:18 Forging
41:11 Imperial Age
38:30 Town Watch
41:11 Iron Casting
40:36 Scale Mail Armor
40:27 Fletching
40:38 Padded Archer Armor
40:36 Murder Holes
41:02 Ballistics
40:10 Man-at-Arms
40:11 Pikeman
40:37 Gambesons
40:52 Squires
41:42 Town Patrol
43:00 Two-Man Saw
43:42 Conscription
44:00 Hoardings
43:24 Long Swordsman
43:30 Halberdier
44:19 Two-Handed Swordsman
45:04 Caravan
45:48 Coinage
48:53 Chemistry
48:24 Architecture
48:57 Blast Furnace
48:12 Chain Mail Armor
47:53 Bodkin Arrow
48:14 Leather Archer Armor
48:13 Guilds
48:36 Banking
48:41 Elite Longbowman
51:37 Plate Mail Armor
51:32 Champion
53:05 Bracer
53:35 Ring Archer Armor
55:12 Yeomen
57:54 Warwolf
Connection lost

Rejoining the realm…

Still unreachable

The connection could not be restored.

Session expired

The server has moved on; the page needs a fresh start.